 Dungeon Crawl Stone Soup version 0.29-a0-553-g81b289dbe5 (webtiles) character file.

Game seed: 5620563694302906430

1289 bande the Chopper (level 8, -5/49 HPs)
             Began as a Gargoyle Fighter on June 6, 2022.
             Slain by a gnoll sergeant
             ... wielding a +0 vorpal trident
              (10 damage)
             ... on level 6 of the Dungeon.
             The game lasted 00:06:54 (6016 turns).

bande the Chopper (Gargoyle Fighter)                Turns: 6016, Time: 00:06:54

Health: -5/49      AC: 20    Str: 19    XL:     8   Next: 55%
Magic:  8/8        EV:  7    Int: 10    God:
Gold:   292        SH:  5    Dex: 11    Spells: 7/7 levels left

rFire   . . .      SeeInvis +   a - +0 war axe
rCold   . . .      Faith    .   c - +0 buckler
rNeg    + . .      Spirit   .   i - +0 chain mail
rPois   ∞          Reflect  .   (no helmet)
rElec   +          Harm     .   y - +0 cloak
rCorr   .          Rampage  .   m - +0 pair of gloves
Will    .....                   f - +1 pair of boots
Stlth   ..........              (no amulet)
HPRegen 0.16/turn               u - ring of see invisible
MPRegen 0.11/turn               (no ring)

@: no status effects
A: sickness immunity, AC +5, negative energy resistance 1, electricity
resistance, torment resistance 1, petrification resistance
a: no special abilities


You were on level 6 of the Dungeon.
You visited 2 branches of the dungeon, and saw 7 of its levels.

You collected 317 gold pieces.
You spent 25 gold pieces at shops.

Inventory:

Hand Weapons
 a - a +0 war axe (weapon)
 q - a +0 war axe
 v - a +1 flail of protection
Armour
 c - a +0 buckler (worn)
 f - a +1 pair of boots (worn)
 i - a +0 chain mail (worn)
 m - a +0 pair of gloves (worn)
 y - a +0 cloak (worn)
Jewellery
 u - a ring of see invisible (left hand)
Wands
 s - a wand of mindburst (20)
 x - a wand of polymorph (7)
Scrolls
 l - a scroll of amnesia
 n - a scroll of poison
 o - a scroll of magic mapping
 p - a scroll of fear
 r - 3 scrolls of teleportation
 w - a scroll of enchant weapon {unknown}
Potions
 b - 2 potions of cancellation
 d - a potion of might
 e - 3 potions of curing
 g - 2 potions of flight
 h - a potion of brilliance {unknown}
 j - 3 potions of haste
 k - 5 potions of magic
 t - 2 potions of ambrosia {unknown}


   Skills:
 + Level 5.2 Fighting
 + Level 6.3 Axes
 + Level 6.0 Armour
 + Level 4.9 Shields
 * Level 2.7 Evocations


You had 7 spell levels left.
You didn't know any spells.
Your spell library contained the following spells:

 Spells                   Type           Power      Damage    Failure   Level
 Ensorcelled Hibernation  Hex/Ice        0%         N/A       100%        2
 Passwall                 Tmut/Erth      0%         N/A       100%        2
 Gell's Gravitas          Tloc           0%         N/A       100%        3
 Lesser Beckoning         Tloc           0%         N/A       100%        3
 Swiftness                Air            0%         N/A       100%        3
 Teleport Other           Tloc           0%         N/A       100%        3


Dungeon Overview and Level Annotations

Branches:
Dungeon (6/15)             Temple (1/1) D:4

Altars:
Ashenzari
Cheibriados
Dithmenos
Elyvilon
Fedhas
Gozag
Hepliaklqana
Makhleb
Nemelex Xobeh
Qazlal
Ru
Sif Muna
Trog
Uskayaw
Vehumet
Wu Jian
Xom
Yredelemnul
Zin

Shops:
D:4 *


Innate Abilities, Weirdness & Mutations

You are immune to sickness and miasma.
Your stone body is resilient. (AC +5)
You are immune to poison.
You resist negative energy. (rN+)
You are resistant to electric shocks. (rElec)
You are resistant to unholy torment.
You are immune to petrification.


Message History

You hit the gnoll sergeant but do no damage.
You closely miss the gnoll. The gnoll barely misses you.
The gnoll sergeant barely misses you.
Your Armour skill increases to level 6!
Unknown command.
The gnoll sergeant hits you but does no damage.
Things that are here:
a +0 flail; a +0 whip Unknown command.
You slash the gnoll!
You kill the gnoll!
You hit the gnoll sergeant but do no damage.
The gnoll sergeant hits you with a +0 vorpal trident. x2
The gnoll sergeant barely misses you.
Items here: )) ††.
The gnoll sergeant hits you but does no damage.
Things that are here:
a +0 flail; a +0 whip You hit the gnoll sergeant.
The gnoll sergeant is lightly wounded.
The gnoll sergeant hits you but does no damage.
You hit the gnoll sergeant but do no damage.
The gnoll sergeant is lightly wounded.
The gnoll sergeant hits you but does no damage.
You hit the gnoll sergeant but do no damage.
The gnoll sergeant is lightly wounded.
The gnoll sergeant hits you but does no damage.
You barely miss the gnoll sergeant.
The gnoll sergeant is lightly wounded.
The gnoll sergeant hits you but does no damage.
You hit the gnoll sergeant.
The gnoll sergeant is moderately wounded.
The gnoll sergeant hits you with a +0 vorpal trident.
* * * LOW HITPOINT WARNING * * *
x2 The gnoll sergeant hits you with a +0 vorpal trident.
* * * LOW HITPOINT WARNING * * *
x2 You hit the gnoll sergeant.
The gnoll sergeant is moderately wounded.
The gnoll sergeant hits you with a +0 vorpal trident!
You die...

#.....^...#
#.........#
#...!.....# .#
#.........# .#
#.......[.# .#..#
#......(..# .#..#
#......g..# .#..#
#......@))# .#..#
########'## .#..#
#.# .#..# #.# ##..#
#.#
....#############.#
###...............#
#################


You could see a gnoll sergeant.

Vanquished Creatures
  Eustachio (D:5)
  Edmund (D:5)
  A water moccasin (D:3)
  2 ice beasts (D:5)
  A black bear (D:4)
  A scorpion (D:5)
  2 water moccasin zombies (D:5)
  A water moccasin skeleton (D:5)
  A centaur zombie (D:5)
  Crazy Yiuf (D:5)
  2 iguanas
  An orc wizard (D:4)
  A scorpion zombie (D:5)
  A killer bee zombie (D:5)
  A hound zombie (D:5)
  A hound skeleton (D:5)
  A howler monkey zombie (D:5)
  9 gnolls
  9 adders
  6 orcs
  7 endoplasms
  A giant cockroach (D:3)
  4 goblins
  4 hobgoblins
  2 jackals (D:2)
  6 quokkas
  3 ball pythons
  3 bats
  3 frilled lizards
  A kobold (D:1)
  5 rats
83 creatures vanquished.

Vanquished Creatures (others)
  A plant (D:5)
  A withered plant (D:5)
2 creatures vanquished.

Grand Total: 85 creatures vanquished

Notes
Turn   | Place    | Note
-------+----------+-------------------------------------------
     0 | D:1      | bande the Gargoyle Fighter began the quest for the Orb.
     0 | D:1      | Reached XP level 1. HP: 14/14 MP: 1/1
    88 | D:1      | Found a faded altar of an unknown god.
   283 | D:1      | Reached XP level 2. HP: 19/19 MP: 2/2
  1266 | D:2      | Reached XP level 3. HP: 22/24 MP: 3/3
  2108 | D:3      | Reached XP level 4. HP: 29/29 MP: 4/4
  2132 | D:3      | Found a bloodstained altar of Trog.
  2723 | D:3      | Noticed a water moccasin
  2733 | D:3      | Killed a water moccasin
  2734 | D:3      | Reached XP level 5. HP: 10/33 MP: 5/5
  3459 | D:4      | Found a faded altar of an unknown god.
  3460 | D:4      | Found a hazy altar of Hepliaklqana.
  3466 | D:4      | Reached XP level 6. HP: 37/38 MP: 6/6
  3534 | D:4      | Found a glowing silver altar of Zin.
  3560 | D:4      | Found Beofriatti's CLEARANCE SALE!.
  3570 | D:4      | Bought a potion of heal wounds for 25 gold pieces
  3610 | D:4      | Found a staircase to the Ecumenical Temple.
  3621 | Temple   | Entered the Ecumenical Temple
  3966 | D:4      | Noticed a black bear
  3981 | D:4      | Killed a black bear
  3982 | D:4      | Reached skill level 5 in Armour
  4451 | D:5      | Entered Level 5 of the Dungeon
  4457 | D:5      | Found a shimmering blue altar of Sif Muna.
  4473 | D:5      | Noticed an ice beast
  4484 | D:5      | Killed an ice beast
  4485 | D:5      | Reached XP level 7. HP: 36/44 MP: 7/7
  4556 | D:5      | Noticed Edmund
  4571 | D:5      | Reached skill level 1 in Evocations
  4575 | D:5      | Killed Edmund
  4576 | D:5      | Reached skill level 5 in Axes
  5073 | D:5      | Noticed Eustachio
  5103 | D:5      | Killed Eustachio
  5104 | D:5      | Reached skill level 5 in Fighting
  5104 | D:5      | Reached XP level 8. HP: 44/49 MP: 8/8
  5239 | D:5      | Found a runed translucent door.
  5240 | D:5      | Noticed Crazy Yiuf
  5609 | D:5      | Killed Crazy Yiuf
  6016 | D:6      | Slain by a gnoll sergeant

Illustrated notes

Levels and vault maps discovered:
D:1:      minmay_arrival_radiant_lines, layout_basic,
          ebering_ecumenical_altar_webs
D:2:      layout_loops_ring
D:3:      layout_basic, trog_butcher_becter, chequers_mini_garden,
          kennysheep_generic_room_16
D:4:      layout_layer_cave, beargit_hepliaklqana_dungeon_heroes,
          pf_just_have_faith, minmay_temple_entry_fiery, nicolae_shop_clearance
D:5:      layout_rooms, old_standard_altar, serial_undead, serial_undead_c,
          serial_undead_a, serial_undead_a, serial_undead_c, serial_undead_f,
          serial_undead_d, hangedman_decor_opposing, guppyfry_early_lair_pool,
          uniq_edmund, uniq_crazy_yiuf_cottage, uniq_eustachio
D:6:      layout_basic, mainiacjoe_overflow_24_doors
Temple:   minmay_freezing_vapour_temple

Skill      XL: |  1  2  3  4  5  6  7  8 |
---------------+-------------------------+-----
Axes           | 2 3 4 5 6 |  6.3
Armour         | 4 5 6 |  6.0
Fighting       | 4 5 |  5.2
Shields        | 4 |  4.9
Evocations     | 2 |  2.7

Action                   |  1- 3 |  4- 6 |  7- 9 || total
-------------------------+-------+-------+-------++-------
Melee: War axe           |    72 |   107 |   146 ||   325
  Use: Scroll            |     4 |     8 |     2 ||    14
       Potion            |       |       |     3 ||     3
Armor: Scale mail        |     3 |       |       ||     3
       Chain mail        |    47 |    92 |   144 ||   283
Dodge: Dodged            |    28 |    38 |    81 ||   147
Block: Buckler           |    13 |    30 |    62 ||   105

Table legend: (Time is in decaauts)
 A = Elapsed time spent in this place.
 B = Non-inter-level travel time spent in this place.
 C = Inter-level travel time spent in this place.
 D = Time resting spent in this place.
 E = Time spent auto-exploring this place.
 F = Levels seen in this place.
 G = Mean time per level.
                   A        B        C        D        E       F      G
               +--------+--------+--------+--------+--------+-----+--------+
         Total |   6126 |   6046 |     80 |   1077 |   4013 |   7 |  875.1 |
       Dungeon |   6124 |   6044 |     80 |   1077 |   4013 |   6 | 1020.7 |
        Temple |      1 |      1 |      0 |      0 |      0 |   1 |    1.0 |
               +--------+--------+--------+--------+--------+-----+--------+

Top non-repeatable levels by time:
     D:3: 1569 daAuts
     D:5: 1544 daAuts
     D:4: 1143 daAuts
     D:1: 929 daAuts
     D:2: 870 daAuts
     D:6: 66 daAuts
  Temple: 1 daAuts
